 Dungeon Crawl Stone Soup version 0.25-a0-479-g8579842fd4 (webtiles) character file.

Game seed: 493599234352832825, levelgen mode: deterministic

63 kae the Insei (level 3, -10/28 HPs)
             Began as a Draconian Transmuter on Feb 9, 2020.
             Mangled by a gnoll
             ... wielding a +0 whip
              (11 damage)
             ... on level 3 of the Dungeon.
             The game lasted 00:01:42 (2001 turns).

kae the Insei (Draconian Transmuter)                Turns: 2001, Time: 00:01:42

Health: -10/28     AC:  5    Str: 12    XL:     3   Next: 87%
Magic:  5/6        EV: 12    Int: 13    God:
Gold:   114        SH:  0    Dex: 12    Spells: 1/7 levels left

rFire    . . .     SeeInvis .   b - +0 short sword
rCold    . . .     Gourm    .   (no shield)
rNeg     . . .     Faith    .   (armour unavailable)
rPois    .         Spirit   .   (helmet restricted)
rElec    .         Reflect  .   (no cloak)
rCorr    .         Harm     .   (no gloves)
MR       .....                  (no boots)
Stlth    +.........             (no amulet)
HPRegen  0.09/turn              (no ring)
MPRegen  0.10/turn              (no ring)

@: no status effects
A: unfitting armour, cold-blooded, AC +5
a: no special abilities


You were on level 3 of the Dungeon.
You were very hungry.

You visited 1 branch of the dungeon, and saw 3 of its levels.

You collected 114 gold pieces.

Inventory:

Hand Weapons
 b - a +0 short sword (weapon)
Missiles
 a - 11 arrows
Jewellery
 d - an uncursed amulet of faith {unknown}
Wands
 j - a wand of disintegration (4)
Scrolls
 e - a scroll of remove curse {unknown}
 f - 2 scrolls of teleportation {unknown}
 g - 3 scrolls of identify {unknown}
 h - a scroll of magic mapping {unknown}
Potions
 i - 2 potions of curing
 k - 2 potions of brilliance {unknown}
 l - a potion of degeneration {unknown}
 m - a potion of haste {unknown}
Comestibles
 c - 3 rations


   Skills:
 - Level 1.1 Fighting
 - Level 1.7 Dodging
 * Level 4.0 Unarmed Combat
 + Level 2.6 Spellcasting
 + Level 2.6 Transmutations


You had one spell level left.
You knew the following spells:

 Your Spells              Type           Power        Failure   Level  Hunger
a - Beastly Appendage     Tmut           #.....       9%          1    #......
b - Sticks to Snakes      Tmut           #.......     12%         2    ###....
c - Spider Form           Tmut/Pois      #.........   38%         3    ###....

Your spell library contained the following spells:

 Spells                   Type           Power        Failure   Level  Hunger
 Ice Form                 Ice/Tmut       #.......     80%         4    #####..
 Blade Hands              Tmut           #.........   92%         5    ######.


Dungeon Overview and Level Annotations

Branches:
Dungeon (3/15)

Altars:


Innate Abilities, Weirdness & Mutations

Your plain brown scales are hard. (AC +5)
You cannot fit into any form of body armour.
You are cold-blooded and may be slowed by cold attacks.


Message History

Your adder poisons the gnoll!
The gnoll hits you but does no damage. The gnoll closely misses you.
Your adder closely misses the gnoll.
You hit the gnoll.
The gnoll is severely wounded.
The gnoll dies!
Your Unarmed Combat skill increases to level 4!
Your adder bites the gnoll.
The gnoll closely misses you.
You hit the gnoll.
The gnoll is heavily wounded.
Your adder bites the gnoll.
The gnoll hits you with a +0 flail.
Your adder barely misses the gnoll.
The gnoll misses you.
You hit the gnoll.
The gnoll is almost dead.
Your adder completely misses the gnoll.
The gnoll hits you with a +0 whip! The gnoll hits you with a +0 flail!
* * * LOW HITPOINT WARNING * * *
You hit the gnoll but do no damage.
The gnoll is almost dead.
Your adder barely misses the gnoll.
The gnoll hits you with a +0 whip!
You die...

## .. ####.#####
......gS.#######
#..g@.<.....#
#.#...........
#.#.#####.#.
.....# ###.###
#( ##


You could see 2 gnolls and a friendly adder.

Vanquished Creatures
  An adder (D:2)
  3 worms (D:2)
  A dart slug (D:2)
  A leopard gecko (D:2)
  A ball python (D:1)
  6 bats
  3 giant cockroaches (D:2)
  A goblin (D:1)
  3 hobgoblins
  2 jackals (D:1)
  5 kobolds (D:2)
  A quokka (D:2)
  2 frilled lizards (D:2)
  5 rats
35 creatures vanquished.

Vanquished Creatures (collateral kills)
  A gnoll (D:3)
  A rat (D:3)
2 creatures vanquished.

Grand Total: 37 creatures vanquished

Notes
Turn   | Place    | Note
-------+----------+-------------------------------------------
     0 | D:1      | kae the Draconian Transmuter began the quest for the Orb.
     0 | D:1      | Reached XP level 1. HP: 16/16 MP: 3/3
   324 | D:1      | Reached XP level 2. HP: 21/23 MP: 3/5
   556 | D:2      | Learned a level 2 spell: Sticks to Snakes
   880 | D:2      | Reached XP level 3. HP: 25/28 MP: 4/6
   888 | D:2      | Learned a level 3 spell: Spider Form
  1998 | D:3      | Reached skill level 4 in Unarmed Combat
  2000 | D:3      | HP: 1/28 [gnoll/+0 flail (9)]
  2001 | D:3      | Mangled by a gnoll

Levels and vault maps discovered:
D:1:      dpeg_arrival_rhombus, layout_basic
D:2:      layout_loops_corners, first_ration, serial_forest,
          infiniplex_forest_end_2, infiniplex_forest_clump_C,
          infiniplex_forest_clump_tiny, infiniplex_forest_side_room
D:3:      layout_loops_ring, lemuel_coloured_pillars_altar, uniq_jessica,
          uniq_grinder

Skill      XL: |  1  2  3 |
---------------+----------+-----
Unarmed Combat | 4 |  4.0
Fighting       | |  1.1
Dodging        | |  1.7
Spellcasting   | |  2.6
Transmutations | |  2.6

Action                   || total
-------------------------++-------
Melee: Short sword       ||   140
       Unarmed           ||    10
       Tailslap          ||    21
       Headbutt          ||     5
       Kick              ||     5
       Punch             ||     2
 Cast: Beastly Appendage ||    17
       Sticks to Snakes  ||     1
  Use: Potion            ||     1
  Eat: Chunk             ||     3
Armor: Skin              ||    54
Dodge: Dodged            ||   126

Table legend:
 A = Non-vault XP
 B = Vault XP
 C = Vault XP percentage of total XP
 D = Non-vault monster count
 E = Vault monster count
 F = Vault count percentage of total count
                 A         B        C        D         E       F
            +---------+---------+-------+---------+---------+-------
      Total |      90 |       0 |   0.0 |      37 |       0 |   0.0
            +---------+---------+-------+---------+---------+-------
        D:1 |      19 |       0 |   0.0 |      11 |       0 |   0.0
        D:2 |      59 |       0 |   0.0 |      23 |       0 |   0.0
        D:3 |      12 |       0 |   0.0 |       3 |       0 |   0.0
            +---------+---------+-------+---------+---------+-------
